 Dungeon Crawl Stone Soup version 0.30.0-29-ga12c61a403 (webtiles) character file.

Game seed: 12836790630267410842

245 javelincjr the Magician (level 6, -1/46 HPs)
             Began as a Djinni Conjurer on June 5, 2023.
             Slain by Duvessa
             ... wielding a +0 rapier
              (11 damage)
             ... on level 4 of the Dungeon on June 6, 2023.
             The game lasted 00:10:08 (3416 turns).

javelincjr the Magician (Djinni Conjurer)           Turns: 3416, Time: 00:10:09

Health: -1/46      AC:  3    Str:  6    XL:     6   Next: 32%
Gold:   128        EV: 12    Int: 21    God:
                   SH:  0    Dex: 12

rFire   + + .        o - +2 dagger (venom)
rCold   x . .        (no shield)
rNeg    . . .        a - +0 robe
rPois   ∞            (no helmet)
rElec   .            (no cloak)
rCorr   .            e - +0 pair of gloves
SInv    .            (boots unavailable)
Will    .....        (no amulet)
Stlth   ++           (no ring)
HPRegen 0.27/turn    (no ring)
MPRegen 0.00/turn

%: infuse magic (-2 HP)
@: flying, very slightly contaminated
A: sickness immunity, fire resistance 2, cold vulnerability 1, float, innate
caster, HP casting, extra vitality 1
a: no special abilities


You were on level 4 of the Dungeon.
You visited 1 branch of the dungeon, and saw 4 of its levels.

You collected 128 gold pieces.

Inventory:

Hand Weapons
 h - a +1 long sword of electrocution
 o - a +2 dagger of venom (weapon)
Armour
 a - a +0 robe (worn)
 e - a +0 pair of gloves (worn)
Scrolls
 c - a scroll of blinking {unknown}
 d - a scroll of fog {unknown}
 f - a scroll of summoning {unknown}
 g - 2 scrolls of teleportation {unknown}
 i - a scroll of enchant weapon {unknown}
 j - 5 scrolls of identify {unknown}
 k - a scroll of fear {unknown}
 n - 2 scrolls of noise {unknown}
 q - a scroll of vulnerability {unknown}
Potions
 b - a potion of brilliance {unknown}
 l - 2 potions of flight {unknown}
 m - 3 potions of curing {unknown}
 p - a potion of resistance {unknown}
 r - a potion of degeneration {unknown}


   Skills:
 * Level 3.0 Fighting
 + Level 2.2 Armour
 + Level 3.3 Dodging
 - Level 1.5 Stealth
 * Level 4.2 Spellcasting


You knew the following spells:

 Your Spells              Type           Power      Damage    Failure   Level
a - Magic Dart            Conj           88%        1d7       1%          1
b - Searing Ray           Conj           44%        2d6       3%          2
c - Dazzling Flash        Conj/Hex       44%        N/A       6%          3
d - Fulminant Prism       Conj/Hex       11%        3d9       21%         4
e - Iskenderun's Mystic   Conj/Tloc      22%        2d6       21%         4
f - Apportation           Tloc           44%        N/A       1%          1
g - Static Discharge      Conj/Air       44%        2-4/arc   3%          2
Your spell library was empty.

Dungeon Overview and Level Annotations

Branches:
Dungeon (4/15)
 Temple: D:4-7

Altars:
Fedhas
Wu Jian

Shops:
D:3 (

Annotations:
D:4 Dowan, Duvessa


Innate Abilities, Weirdness & Mutations

You are immune to sickness and miasma.
You are immune to poison.
Your flesh is very heat resistant. (rF++)
You are vulnerable to cold. (rC-)
You float through the air rather than walking.
You learn spells naturally, not from books.
Your magical power is your life essence.
You have superior vitality. (+4 MHP)


Message History

Aim: Duvessa, wielding a +0 rapier, wearing a +0 chain mail and carrying a wand of flame (11) (heavily wounded, 87% to hit)
The searing ray hits Duvessa!
Duvessa is severely wounded. (Press . to maintain the ray.) Dowan gestures wildly while chanting.
Dowan blinks!
The searing ray hits Duvessa but does no damage.
Duvessa is severely wounded.
Duvessa zaps a wand.
The puff of flame hits you. You resist.
The searing ray hits Duvessa.
Duvessa is severely wounded.
Duvessa barely misses you.
The searing ray hits Duvessa but does no damage.
Duvessa is severely wounded.
You finish channelling your searing ray.
Duvessa hits you with a +0 rapier.
Casting: Searing Ray (safe; 3% risk of failure)
Confirm with . or Enter, or press ? or * to list all spells.
Aiming: Searing Ray (safe; 3% risk of failure)
Press: ? - help, Shift-Dir - straight line, f/p - Duvessa
Aim: Duvessa, wielding a +0 rapier, wearing a +0 chain mail and carrying a wand of flame (10) (severely wounded, 87% to hit)
You miscast Searing Ray.
You are very lightly contaminated with residual magic.
Nothing appears to happen.
Duvessa zaps a wand.
The puff of flame misses you. Duvessa hits you with a +0 rapier.
Casting: Searing Ray (safe; 3% risk of failure)
Confirm with . or Enter, or press ? or * to list all spells.
Aiming: Searing Ray (safe; 3% risk of failure)
Press: ? - help, Shift-Dir - straight line, f/p - Duvessa
Aim: Duvessa, wielding a +0 rapier, wearing a +0 chain mail and carrying a wand of flame (9) (severely wounded, 87% to hit)
The searing ray hits Duvessa.
Duvessa is almost dead. (Press . to maintain the ray.) Duvessa hits you with a +0 rapier!
* * * LOW HITPOINT WARNING * * *
The searing ray hits Duvessa but does no damage.
Duvessa is almost dead.
* * * LOW HITPOINT WARNING * * *
Duvessa hits you with a +0 rapier!
You die...

..###### #.# #.##########
........ #.#P.P#.##.......#
...##### #.#♣.♣#.##.#####.# .#.#
#####.#P.P#.##.#####.# .#.##
###.....#♣.♣#.......##.# #.†.#
#.......#P.P#.##.##.##.# #...#
#.#.###.#♣.♣####.##.##.# #...#
#.#.###.##.#####.......#
#...######.#..##@##.##.........##
#.<.#...##.##.##e##.............#
.....###.#.......##.............#
..c..# #..###...................#
.....###..###.###.#.......#####.#
#...#...#.##.## ##e.......##.....
#...#####.##.# #........##.##.#
#...# #.##.# #.#########.#..#
#...# #.###. #..# #.#.##


You could see Duvessa and Dowan.

Vanquished Creatures
  A scorpion (D:4)
  Natasha (thrice) (D:2)
  3 adders
  An ufetubus (D:3)
  2 worms
  4 dart slugs
  4 orcs (D:3)
  3 endoplasms
  2 giant cockroaches
  9 goblins
  6 hobgoblins
  5 jackals (D:1)
  3 quokkas
  5 ball pythons
  4 bats
  2 frilled lizards
  5 kobolds
  4 rats
66 creatures vanquished.

Notes
Turn   | Place    | Note
-------+----------+-------------------------------------------
     0 | D:1      | javelincjr the Djinni Conjurer began the quest for the Orb.
     0 | D:1      | javelincjr set off with the following spells memorised:
                  | Magic Dart, Searing Ray, Dazzling Flash, Fulminant Prism,
                  | Iskenderun's Mystic Blast.
     0 | D:1      | Reached XP level 1. HP: 15/15 MP: 0/0
   210 | D:1      | Reached XP level 2. HP: 19/22 MP: 0/0
   307 | D:1      | Reached skill level 1 in Fighting
   451 | D:1      | Reached XP level 3. HP: 24/27 MP: 0/0
   451 | D:1      | Learned a level 1 spell: Apportation
  1024 | D:2      | Reached skill level 1 in Armour
  1226 | D:2      | Noticed Natasha
  1245 | D:2      | Killed Natasha
  1246 | D:2      | Reached XP level 4. HP: 2/33 MP: 0/0
  1855 | D:2      | Noticed Natasha
  1862 | D:2      | Killed Natasha
  1863 | D:2      | Reached XP level 5. HP: 22/38 MP: 0/0
  1863 | D:2      | Learned a level 2 spell: Static Discharge
  1872 | D:2      | Noticed Natasha
  1887 | D:2      | Killed Natasha
  2112 | D:3      | Found an ornate altar of the Wu Jian Council.
  2266 | D:3      | Reached skill level 4 in Spellcasting
  2339 | D:3      | Found a blossoming altar of Fedhas.
  2615 | D:3      | Found Xuton's Antique Weapon Shoppe.
  3025 | D:4      | Reached XP level 6. HP: 43/46 MP: 0/0
  3313 | D:4      | Noticed Duvessa
  3313 | D:4      | Noticed Dowan
  3416 | D:4      | Slain by Duvessa

Illustrated notes

Levels and vault maps discovered:
D:1:      wander_arrival_chamber, layout_loops_cross, chequers_decorated_corner,
          grunt_decor_junction
D:2:      wad_crossroads, layout_basic, uniq_natasha
D:3:      layout_basic, grunt_temple_overflow_growth_and_decay,
          nzn_wu_jian_council_hall, mainiacjoe_overflow_cross_hatched,
          serial_shops, nicolae_shop_stone, minmay_fountain_box
D:4:      layout_loops_cross, moated_statue, dreamdust_princess_corridor,
          minivault_1, uniq_duvessa

Skill      XL: |  1  2  3  4  5 |
---------------+----------------+-----
Fighting       | 1 2 3 |  3.0
Armour         | 1 2 |  2.2
Dodging        | 3 |  3.3
Spellcasting   | 4 |  4.2
Stealth        | |  1.5

Action                     |  1- 3 |  4- 6 || total
---------------------------+-------+-------++-------
  Melee: Unarmed           |     3 |       ||     3
         Long sword        |       |     8 ||     8
         Dagger            |       |     8 ||     8
   Cast: Magic Dart        |    62 |    82 ||   144
         Searing Ray       |     2 |     7 ||     9
    Use: Potion            |       |     3 ||     3
   Stab: Sleeping          |       |     1 ||     1
 Armour: Robe              |     4 |    14 ||    18
  Dodge: Dodged            |    17 |    31 ||    48
